 Dungeon Crawl Stone Soup version 0.31-a0-640-g39d97e502b (webtiles) character file.

Game seed: 7749170028161234777

877 bjtr the Geomancer (level 8, -1/41 HPs)
             Began as a Gargoyle Earth Elementalist on Aug 28, 2023.
             Was an Initiate of Vehumet.
             Slain by Duvessa
             ... wielding a +0 short sword
              (17 damage)
             ... on level 4 of the Dungeon.
             The game lasted 00:12:03 (2912 turns).

bjtr the Geomancer (Gargoyle Earth Elementalist)    Turns: 2912, Time: 00:12:06

Health: -1/41      AC: 10    Str: 12    XL:     8   Next: 4%
Magic:  5/15       EV: 11    Int: 18    God:    Vehumet [......]
Gold:   148        SH:  0    Dex: 10    Spells: 10/16 levels left

rFire   . . .        t - +1 morningstar
rCold   . . .        (no shield)
rNeg    + . .        g - +0 leather armour
rPois   ∞            (no helmet)
rElec   +            (no cloak)
rCorr   .            s - +0 pair of gloves
SInv    .            (no boots)
Will    .....        h - amulet of regeneration
Stlth   ++           (no ring)
HPRegen 1.06/turn    (no ring)
MPRegen 0.14/turn

%: no passive effects
@: very slightly contaminated
A: sickness immunity, AC +5, negative energy resistance 1, electricity
resistance, torment resistance 1, petrification resistance
a: Renounce Religion


You were on level 4 of the Dungeon.
You worshipped Vehumet.
Vehumet was noncommittal.
You visited 1 branch of the dungeon, and saw 4 of its levels.

You collected 148 gold pieces.

Inventory:

Hand Weapons
 c - a +0 spear
 f - a +0 short sword
 n - a +0 hand axe
 o - a +0 mace
 q - a +0 falchion
 t - a +1 morningstar (weapon)
Missiles
 l - 8 poisoned darts
 p - 5 boomerangs
Armour
 a - a +0 robe
 g - a +0 leather armour (worn)
 s - a +0 pair of gloves (worn)
Jewellery
 h - an amulet of regeneration (around neck)
Wands
 i - a wand of paralysis (15)
Scrolls
 k - a scroll of fear {unknown}
 r - a scroll of poison
 u - a scroll of torment
 v - a scroll of enchant armour {unknown}
Potions
 b - 2 potions of magic
 d - a potion of mutation
 e - a potion of curing {unknown}
 j - 2 potions of might {unknown}
 m - a potion of berserk rage {unknown}


   Skills:
 + Level 0.2 Fighting
 + Level 2.4 Armour
 + Level 2.6 Dodging
 + Level 2.7 Stealth
 + Level 4.8 Spellcasting
 - Level 0.7 Transmutations
 * Level 8.2 Earth Magic


You had 10 spell levels left.
You knew the following spells:

 Your Spells              Type           Power      Damage    Failure   Level
a - Sandblast             Erth           68%        2d15      1%          1
b - Passwall              Tmut/Erth      16%        N/A       4%          2
c - Stone Arrow           Conj/Erth      38%        3d9       10%         3

Your spell library contained the following spells:

 Spells                   Type           Power      Damage    Failure   Level
 Sting                    Tmut/Pois      20%        1d4       16%         1
 Apportation              Tloc           8%         N/A       17%         1
 Necrotise                Necr           16%        1d4       17%         1
 Summon Small Mammal      Summ           16%        N/A       17%         1
 Poisonous Vapours        Pois/Air       8%         N/A       26%         2
 Petrify                  Tmut/Erth      20%        N/A       26%         4
 Olgreb's Toxic Radiance  Pois           4%         N/A       86%         4


Dungeon Overview and Level Annotations

Branches:
Dungeon (4/15)
 Temple: D:4-7

Altars:
Hepliaklqana
Vehumet

Annotations:
D:4 Duvessa


Innate Abilities, Weirdness & Mutations

You are immune to sickness and miasma.
Your stone body is resilient. (AC +5)
You are immune to poison.
You resist negative energy. (rN+)
You are resistant to electric shocks. (rElec)
You are resistant to unholy torment.
You are immune to petrification.


Message History

Casting: Sandblast (safe; 1% risk of failure)
Confirm with . or Enter, or press ? or * to list all spells.
Aiming: Sandblast (safe; 1% risk of failure)
Press: ? - help, Shift-Dir - straight line, f/p - Dowan
Aim: Dowan, wielding a +0 dagger and wearing a +0 robe (78% to hit)
The blast of sand misses Duvessa.
The blast of sand hits Dowan!!
Dowan is severely wounded.
Duvessa hits you but does no damage. Duvessa closely misses you.
Unknown command.
Duvessa closely misses you.
Casting: Sandblast (safe; 1% risk of failure)
Confirm with . or Enter, or press ? or * to list all spells.
Aiming: Sandblast (safe; 1% risk of failure)
Press: ? - help, Shift-Dir - straight line, f/p - Dowan
Aim: Dowan, wielding a +0 dagger and wearing a +0 robe (severely wounded, 78% to hit)
The blast of sand misses Duvessa.
The blast of sand hits Dowan!
You kill Dowan!
Vehumet accepts your kill.
Duvessa screams, "No!
How DARE you!"
Duvessa goes berserk!
Duvessa hits you with a +0 short sword. Duvessa hits you but does no damage.
You have reached level 8!
You feel stronger.
Casting: Sandblast (safe; 1% risk of failure)
Confirm with . or Enter, or press ? or * to list all spells.
Aiming: Sandblast (safe; 1% risk of failure)
Press: ? - help, Shift-Dir - straight line, f - Duvessa
Aim: Duvessa, wielding a +0 short sword and wearing a +0 leather armour (severely wounded, berserk, fast, 86% to hit)
You miscast Sandblast.
You are very lightly contaminated with residual magic.
Nothing appears to happen.
Duvessa closely misses you.
Casting: Sandblast (safe; 1% risk of failure)
Confirm with . or Enter, or press ? or * to list all spells.
Aiming: Sandblast (safe; 1% risk of failure)
Press: ? - help, Shift-Dir - straight line, f/p - Duvessa
Aim: Duvessa, wielding a +0 short sword and wearing a +0 leather armour (severely wounded, berserk, fast, 86% to hit)
The blast of sand hits Duvessa!
Duvessa is almost dead.
Duvessa closely misses you.
Duvessa hits you with a +0 short sword! x2
You die...

#### #...........
.... ............
...# ##.# # .# ...
#.# #.. #####..#
#... ##..@e)# ....
#..#####
.##..####.#######
.................
......[.......... #
######.####.....
#######.......+.....
#.......###.### ....
#.......# .# ...


You could see Duvessa (berserk, fast).

Vanquished Creatures
  Pikel (D:4)
  Grinder (D:4)
  Dowan (D:4)
  2 iguanas (D:4)
  Natasha (D:4)
  6 adders
  An ufetubus (D:4)
  A worm (D:3)
  2 dart slugs
  8 endoplasms
  3 giant cockroaches
  6 goblins
  4 hobgoblins
  2 jackals (D:1)
  3 quokkas
  4 ball pythons
  4 bats
  2 kobolds
  6 rats
58 creatures vanquished.

Notes
Turn   | Place    | Note
-------+----------+-------------------------------------------
     0 | D:1      | bjtr the Gargoyle Earth Elementalist began the quest for
                  | the Orb.
     0 | D:1      | Reached XP level 1. HP: 10/10 MP: 3/3
   372 | D:1      | Reached XP level 2. HP: 15/15 MP: 3/5
   373 | D:1      | Reached skill level 4 in Earth Magic
   833 | D:2      | Reached XP level 3. HP: 19/19 MP: 4/6
  1057 | D:2      | Learned a level 2 spell: Passwall
  1061 | D:2      | Learned a level 3 spell: Stone Arrow
  1109 | D:2      | Reached XP level 4. HP: 24/24 MP: 6/8
  1343 | D:3      | Reached skill level 5 in Earth Magic
  1677 | D:3      | Reached skill level 1 in Armour
  1909 | D:3      | Found a faded altar of an unknown god.
  2290 | D:4      | Noticed Grinder
  2307 | D:4      | Killed Grinder
  2308 | D:4      | Reached skill level 6 in Earth Magic
  2308 | D:4      | Reached XP level 5. HP: 27/28 MP: 0/10
  2308 | D:4      | Reached XP level 6. HP: 31/32 MP: 0/11
  2528 | D:4      | Found a radiant altar of Vehumet.
  2536 | D:4      | Became a worshipper of Vehumet
  2539 | D:4      | Found a hazy altar of Hepliaklqana.
  2614 | D:4      | Noticed Pikel
  2628 | D:4      | Killed Pikel
  2629 | D:4      | Reached skill level 7 in Earth Magic
  2629 | D:4      | Reached XP level 7. HP: 7/36 MP: 2/14
  2845 | D:4      | Noticed Natasha
  2864 | D:4      | Killed Natasha
  2865 | D:4      | Reached skill level 8 in Earth Magic
  2900 | D:4      | Noticed Duvessa
  2906 | D:4      | Noticed Dowan
  2910 | D:4      | Killed Dowan
  2911 | D:4      | Reached XP level 8. HP: 22/41 MP: 7/15
  2912 | D:4      | Slain by Duvessa

Illustrated notes

Levels and vault maps discovered:
D:1:      saegor_arrival_simple_b, layout_basic, minmay_misc_feat_four_crosses
D:2:      layout_rooms
D:3:      layout_basic, shapermc_ecumenical_altar_gd
D:4:      layout_basic, mainiacjoe_overflow_large_starburst,
          minmay_temple_entry_stoned_glass, uniq_natasha, uniq_duvessa,
          uniq_grinder, uniq_pikel

Skill      XL: |  1  2  3  4  5  6  7 |
---------------+----------------------+-----
Earth Magic    | 4 6 7 8 |  8.2
Dodging        | 2 |  2.6
Armour         | 1 2 |  2.4
Spellcasting   | 3 4 |  4.8
Fighting       | |  0.2
Stealth        | |  2.7
Transmutations | |  0.7

Action                     |  1- 3 |  4- 6 |  7- 9 || total
---------------------------+-------+-------+-------++-------
  Melee: Spear             |    20 |       |       ||    20
         Falchion          |     7 |       |       ||     7
         Morningstar       |       |    12 |     2 ||    14
   Cast: Sandblast         |    43 |    47 |    13 ||   103
    Use: Scroll            |       |     7 |       ||     7
 Armour: Robe              |     3 |       |       ||     3
         Leather armour    |     8 |    19 |     8 ||    35
  Dodge: Dodged            |    31 |    31 |    11 ||    73

Table legend: (Time is in decaauts)
 A = Elapsed time spent in this place.
 B = Non-inter-level travel time spent in this place.
 C = Inter-level travel time spent in this place.
 D = Time resting spent in this place.
 E = Time spent auto-exploring this place.
 F = Levels seen in this place.
 G = Mean time per level.
                   A        B        C        D        E       F      G
               +--------+--------+--------+--------+--------+-----+--------+
         Total |   2971 |   2914 |     57 |    218 |   2045 |   4 |  742.8 |
       Dungeon |   2971 |   2914 |     57 |    218 |   2045 |   4 |  742.8 |
               +--------+--------+--------+--------+--------+-----+--------+

Top non-repeatable levels by time:
     D:3: 1012 daAuts
     D:1: 842 daAuts
     D:4: 662 daAuts
     D:2: 454 daAuts
